 Dungeon Crawl Stone Soup version 0.31-a0-202-g547052bce9 (webtiles) character file.

Game seed: 11613575287085785235

516 innerfire43 the Trooper (level 7, -7/56 HPs)
             Began as a Demonspawn Monk on June 26, 2023.
             Was a Believer of Qazlal.
             Killed by nerve-wracking pain
             ... invoked by an orc priest
              (13 damage)
             ... on level 6 of the Dungeon.
             The game lasted 00:05:48 (4445 turns).

innerfire43 the Trooper (Demonspawn Monk)           Turns: 4445, Time: 00:05:48

Health: -7/56      AC:  9    Str: 14    XL:     7   Next: 0%
Magic:  7/7        EV: 13    Int: 15    God:    Qazlal [**....]
Gold:   395        SH:  3    Dex: 15    Spells: 6/6 levels left

rFire   + . .        a - +0 hand axe
rCold   + . .        d - orb {light}
rNeg    . . .        s - +3 leather armour of Nayss {rF+}
rPois   .            k - +0 helmet
rElec   .            h - +1 cloak
rCorr   .            (no gloves)
SInv    .            (no boots)
Will    .....        (no amulet)
Stlth   +            g - ring of flight
HPRegen 0.29/turn    j - ring of protection from cold
MPRegen 0.10/turn

%: no passive effects
@: flying, glowing
A: powered by pain 2, big brain 2, demonic touch 1
a: Renounce Religion, Upheaval


You were on level 6 of the Dungeon.
You worshipped Qazlal.
Qazlal was pleased with you.
You visited 1 branch of the dungeon, and saw 6 of its levels.

You collected 395 gold pieces.

Inventory:

Hand Weapons
 a - a +0 hand axe (weapon)
Missiles
 C - 3 silver boomerangs
Armour
 b - a +0 robe
 d - an orb of light (worn)
 h - a +1 cloak (worn)
 k - a +0 helmet (worn)
 s - the +3 leather armour of Nayss (worn) {rF+}
   (You found it on level 3 of the Dungeon)

   rF:        It protects you from fire.
Magical Staves
 e - a staff of air
Jewellery
 g - a ring of flight (left hand)
 j - a ring of protection from cold (right hand)
 v - a ring of willpower
Wands
 p - a wand of mindburst (6)
 r - a wand of acid (11)
 z - a wand of paralysis (6)
Scrolls
 f - a scroll of revelation
 i - a scroll of fear
 n - 3 scrolls of identify
 u - 2 scrolls of teleportation
 w - a scroll of butterflies
 x - a scroll of blinking
 y - 2 scrolls of fog
Potions
 c - a potion of ambrosia
 m - a potion of attraction {unknown}
 o - 3 potions of haste {unknown}
 q - 2 potions of might {unknown}
 t - a potion of resistance {unknown}
 A - 2 potions of magic {unknown}
 B - 2 potions of degeneration {unknown}
 D - a potion of curing {unknown}


   Skills:
 + Level 5.2 Fighting
 + Level 4.6 Axes
 + Level 4.7 Dodging


You had 6 spell levels left.
You didn't know any spells.
Your spell library contained the following spells:

 Spells                   Type           Power      Damage    Failure   Level
 Summon Small Mammal      Summ           0%         N/A       34%         1
 Call Canine Familiar     Summ           0%         N/A       71%         3
 Dazzling Flash           Conj/Hex       0%         N/A       71%         3
 Summon Guardian Golem    Hex/Summ       0%         N/A       71%         3
 Vhi's Electric Charge    Tloc/Air       0%         N/A       71%         3
 Volatile Blastmotes      Fire/Tloc      0%         2d10      71%         3
 Iskenderun's Mystic Bla  Conj/Tloc      0%         2d3       98%         4
 Passage of Golubria      Tloc           0%         N/A       98%         4
 Arcjolt                  Conj/Air       0%         1d10      100%        5
 Silence                  Hex/Air        0%         N/A       100%        5
 Plasma Beam              Fire/Air       0%         2x1d10    100%        6
 Starburst                Conj/Fire      0%         6d3       100%        6
 Lehudib's Crystal Spear  Conj/Erth      0%         10d2      100%        8
 Maxwell's Capacitive Co  Air            0%         ∞         100%        8


Dungeon Overview and Level Annotations

Branches:
Dungeon (6/15)
 Temple: D:4-7

Altars:
Nemelex Xobeh
Qazlal
Ru
Sif Muna
Uskayaw
Vehumet
Yredelemnul


Innate Abilities, Weirdness & Mutations

You sometimes gain power by taking damage.
You have an extremely huge brain. (Int +4)
Your touch may inflict minor irresistible damage on your foes.


Message History

You hit the orc priest but do no damage.
The orc priest is moderately wounded.
The orc priest hits you from afar with a +0 trident.
* * * LOW HITPOINT WARNING * * *
The orc priest hits you but does no damage.
Unknown command.
You hit the orc priest.
The orc priest is heavily wounded.
The orc priest misses you.
The orc priest hits you with a +0 hand axe.
* * * LOW HITPOINT WARNING * * *
You feel much better.
The orc priest calls upon Beogh to heal the orc priest.
The orc priest is healed somewhat.
The orc priest hits you with a +0 hand axe.
You hit the orc priest but do no damage.
The orc priest is moderately wounded.
The orc priest closely misses you. x2
You hit the orc priest.
The orc priest is moderately wounded.
The orc priest hits you from afar with a +0 trident.
The orc priest is engulfed in freezing vapours.
The orc priest misses you.
You hit the orc priest but do no damage.
The orc priest is heavily wounded.
The orc priest invokes the aid of Beogh against you.
Pain shoots through your body!
* * * LOW HITPOINT WARNING * * *
The orc priest is engulfed in freezing vapours.
The orc priest hits you but does no damage.
The orc priest begins to cast a cantrip, but forgets the words!
The orc priest is engulfed in freezing vapours.
You kill the orc priest!
Qazlal accepts your kill.
You have reached level 7!
Your demonic ancestry asserts itself...
Your brain expands.
The orc priest calls down the wrath of Beogh upon you.
Pain shoots through your body!
You die...

.#.### ##. .... #.....
... .
#.....###.#..##.##.#
##.......#.#..#.....#
#......#.#...).....=.
#.#..##...##.o)...... #
#.#..##...##.##.>##.# ##
#.##.##...##......!.
.####.##.##.....@.#..####
.##......##...##.☼# .#
.........)..).##..# ..
.#......#........... ##
..^...####...##.#.##.
.#..### .....##.#.# ..
.#..# .#.......... .
.#..# #......#### ##..#
.......#


You could see an orc priest.

Vanquished Creatures
  A black bear (D:5)
  An ogre (D:5)
  A scorpion (D:5)
  2 orc priests
  A hound (D:3)
  An iguana (D:4)
  4 adders
  A gnoll (D:1)
  4 shadow imps
  2 worms
  2 dart slugs
  6 orcs
  8 bats
  8 endoplasms
  3 giant cockroaches
  7 goblins
  5 hobgoblins
  3 jackals (D:1)
  A quokka (D:1)
  5 ball pythons
  9 frilled lizards
  6 kobolds
  7 rats
88 creatures vanquished.

Notes
Turn   | Place    | Note
-------+----------+-------------------------------------------
     0 | D:1      | innerfire43 the Demonspawn Monk began the quest for the
                  | Orb.
     0 | D:1      | Reached XP level 1. HP: 18/18 MP: 1/1
    89 | D:1      | Gained mutation: You sometimes gain a little power by
                  | taking damage. [demonic ancestry]
    89 | D:1      | Reached XP level 2. HP: 23/24 MP: 2/2
   540 | D:1      | Gained mutation: Your touch may inflict minor irresistible
                  | damage on your foes. [demonic ancestry]
   540 | D:1      | Reached XP level 3. HP: 29/29 MP: 3/3
  1222 | D:2      | Found a stormy altar of Qazlal.
  1238 | D:2      | You are sucked into a shaft and drop 1 floor!
  1242 | D:3      | Found a transporter.
  1513 | D:2      | Became a worshipper of Qazlal Stormbringer
  1513 | D:2      | Reached * piety under Qazlal
  1513 | D:2      | Reached ** piety under Qazlal
  1809 | D:3      | Identified the +3 leather armour of Nayss {rF+}
  1833 | D:3      | Gained mutation: You have an unusually large brain. (Int
                  | +2) [demonic ancestry]
  1833 | D:3      | Reached XP level 4. HP: 37/37 MP: 4/4
  1963 | D:3      | Found a transporter.
  2007 | D:3      | Reached skill level 4 in Fighting
  2453 | D:3      | Gained mutation: You sometimes gain power by taking damage.
                  | [demonic ancestry]
  2453 | D:3      | Reached XP level 5. HP: 17/42 MP: 5/5
  3031 | D:4      | Found a radiant altar of Vehumet.
  3096 | D:4      | Found a hide-covered altar of Uskayaw.
  3251 | D:4      | Found a basalt altar of Yredelemnul.
  3613 | D:5      | Entered Level 5 of the Dungeon
  3652 | D:5      | Reached XP level 6. HP: 40/49 MP: 6/6
  3777 | D:5      | Found a sacrificial altar of Ru.
  3916 | D:5      | Found a shimmering blue altar of Sif Muna.
  4157 | D:5      | Found a sparkling altar of Nemelex Xobeh.
  4195 | D:5      | Reached skill level 5 in Fighting
  4443 | D:6      | Gained mutation: You have an extremely huge brain. (Int +4)
                  | [demonic ancestry]
  4443 | D:6      | Reached XP level 7. HP: 5/56 MP: 7/7
  4445 | D:6      | Killed from afar by an orc priest

Illustrated notes

Levels and vault maps discovered:
D:1:      amcnicky_arrival_flooded_fountain, layout_basic
D:2:      layout_loops_ring, basic_altar
D:3:      gammafunk_wand_slinger, layout_basic, mainiacjoe_overflow_24_doors,
          kennysheep_generic_room_10
D:4:      layout_loops_corners, kennysheep_ying_yang, amcnicky_altar_gilded,
          nicolae_uskayaw_murder_on_the_dancefloor, kennysheep_another_room
D:5:      layout_rooms, kennysheep_orc_sif_temple,
          nicolae_ru_great_annihilating_truth, nemelex_dance_club_becter,
          supply_closet_lemuel
D:6:      layout_basic, nicolae_overflow_hidden_temple, uniq_maggie

Skill      XL: |  1  2  3  4  5  6 |
---------------+-------------------+-----
Axes           | 3 4 |  4.6
Dodging        | 3 4 |  4.7
Fighting       | 4 5 |  5.2

Action                     |  1- 3 |  4- 6 |  7- 9 || total
---------------------------+-------+-------+-------++-------
  Melee: Hand axe          |   123 |   133 |       ||   256
    Use: Scroll            |     4 |     6 |       ||    10
         Potion            |       |     1 |       ||     1
   Stab: Paralysed         |       |     2 |       ||     2
         Invisible         |       |     1 |       ||     1
 Armour: Robe              |    28 |       |       ||    28
         Leather armour    |     2 |    35 |       ||    37
  Dodge: Dodged            |   105 |    79 |       ||   184
  Block: Orb               |       |    15 |       ||    15

Table legend: (Time is in decaauts)
 A = Elapsed time spent in this place.
 B = Non-inter-level travel time spent in this place.
 C = Inter-level travel time spent in this place.
 D = Time resting spent in this place.
 E = Time spent auto-exploring this place.
 F = Levels seen in this place.
 G = Mean time per level.
                   A        B        C        D        E       F      G
               +--------+--------+--------+--------+--------+-----+--------+
         Total |   4474 |   4276 |    198 |      0 |   3446 |   6 |  745.7 |
       Dungeon |   4474 |   4276 |    198 |      0 |   3446 |   6 |  745.7 |
               +--------+--------+--------+--------+--------+-----+--------+

Top non-repeatable levels by time:
     D:1: 1007 daAuts
     D:3: 978 daAuts
     D:4: 975 daAuts
     D:5: 764 daAuts
     D:2: 675 daAuts
     D:6: 72 daAuts
